AoeStats
← Buco

Black Forest

506133193Analyzed
4v4 RM · 19d ago on Sep 12, 2026· 48m 4s· 8 players
Game mode
Random Map
Map size
Large (8 player)
Population
200
Speed
Normal
Resources
Standard
Victory
Conquest
Starting age
Dark Age
Ending age
Imperial Age
RankedLock teamsTeams togetherTeam positionsShared explorationLock speedFull tech treeHidden civsTurbo modeCheats
Victory
Defeat
🇹🇼 Spanish · Taiwan
1263
+15
🇹🇼 Bohemians · Taiwan
1261
+16
🇹🇼 Mongols · Taiwan
1260
+16
🇹🇼 Persians · Taiwan
1260
+16
🇪🇸 Japanese · Spain
1262
-16
🇮🇳 Gurjaras · India
1258
-17
🇫🇷 Teutons · France
1245
-15
🇸🇮 Mongols · Slovenia
1240
-15
Buco
0:31 Loom
10:30 Feudal Age
11:26 Double-Bit Axe
12:56 Wheelbarrow
12:42 Fishing Lines
18:27 Castle Age
19:56 Bow Saw
21:19 Gillnets
23:36 Hand Cart
24:30 Horse Collar
24:46 Stone Mining
27:11 Stone Shaft Mining
26:29 Fletching
27:06 Ballistics
26:51 Padded Archer Armor
27:56 Thumb Ring
27:53 Husbandry
28:03 Bloodlines
27:50 Bodkin Arrow
28:11 Leather Archer Armor
28:44 Caravan
32:15 Imperial Age
29:23 Light Cavalry
30:15 Gold Mining
30:51 Scale Barding Armor
30:56 Forging
31:32 Heavy Plow
32:08 Gold Shaft Mining
31:56 Chain Barding Armor
32:26 Onager
33:36 Conscription
33:40 Elite Mangudai
34:18 Hussar
35:38 Parthian Tactics
37:14 Bracer
38:32 Chemistry
38:15 Iron Casting
41:58 Blast Furnace
40:58 Heavy Camel Rider
41:09 Siege Onager
43:16 Drill
45:16 Siege Engineers
RiGhT
8:15 Loom
12:31 Feudal Age
17:14 Castle Age
15:04 Horse Collar
15:13 Double-Bit Axe
16:37 Fishing Lines
16:44 Horse Collar
17:15 Gold Mining
18:24 Bow Saw
21:09 Horse Collar
23:07 Horse Collar
25:23 Stone Mining
26:55 Wheelbarrow
26:11 Town Watch
28:02 Stone Shaft Mining
28:17 Gold Shaft Mining
28:10 Heavy Plow
31:53 Imperial Age
29:49 Gillnets
30:47 Kshatriyas
31:14 Hand Cart
30:49 Treadmill Crane
31:46 Scale Barding Armor
31:52 Forging
33:06 Chain Barding Armor
33:10 Frontier Guards
33:12 Conscription
32:20 Heavy Camel Rider
33:11 Bloodlines
33:01 Husbandry
32:46 Elite Shrivamsha Rider
34:12 Iron Casting
33:37 Fletching
35:11 Siege Elephant
36:30 Caravan
37:01 Coinage
38:17 Chemistry
37:29 Masonry
37:16 Murder Holes
38:28 Plate Barding Armor
37:49 Bodkin Arrow
37:55 Padded Archer Armor
40:08 Hoardings
44:13 Banking
_Suko_
0:40 Loom
11:35 Feudal Age
12:01 Man-at-Arms
15:17 Town Watch
23:56 Castle Age
22:25 Stone Mining
23:43 Double-Bit Axe
26:33 Fishing Lines
27:55 Gillnets
28:17 Horse Collar
32:21 Wheelbarrow
35:34 Imperial Age
33:02 Gold Mining
33:00 Elite Skirmisher
34:01 Hand Cart
34:29 Bow Saw
34:45 Heavy Plow
34:49 Pikeman
35:29 Squires
36:28 Yasama
36:32 Fletching
38:03 Chemistry
37:02 Halberdier
37:42 Bodkin Arrow
38:09 Ballistics
38:39 Gold Shaft Mining
38:34 Bracer
39:56 Scale Mail Armor
40:10 Forging
41:04 Chain Mail Armor
41:27 Iron Casting
42:46 Plate Mail Armor
43:18 Blast Furnace
44:12 Two-Man Saw
44:59 Padded Archer Armor
APEP
0:57 Loom
13:42 Feudal Age
18:14 Castle Age
16:30 Double-Bit Axe
16:55 Horse Collar
17:18 Stone Mining
18:29 Gold Mining
20:40 Wheelbarrow
26:29 Stone Shaft Mining
26:24 Heavy Plow
27:03 Bow Saw
29:21 Hand Cart
33:33 Imperial Age
32:30 Forging
32:28 Fletching
34:08 Iron Casting
33:34 Scale Mail Armor
33:52 Arson
34:09 Squires
35:03 Gambesons
34:38 Man-at-Arms
36:22 Blast Furnace
35:18 Bodkin Arrow
35:36 Elite Teutonic Knight
36:37 Long Swordsman
38:13 Crop Rotation
38:48 Two-Man Saw
38:56 Ballistics
39:38 Chemistry
38:47 Long Swordsman
40:47 Chain Mail Armor
41:47 Crenellations
40:50 Two-Handed Swordsman
42:42 Ironclad
41:45 Champion
8468547
11:06 Feudal Age
12:08 Double-Bit Axe
14:52 Castle Age
12:47 Horse Collar
16:00 Bow Saw
18:04 Wheelbarrow
19:24 Hand Cart
18:56 Loom
21:24 Gold Mining
21:33 Town Watch
23:48 Caravan
24:19 Coinage
25:33 Gold Shaft Mining
25:19 Heavy Plow
25:52 Stone Mining
30:18 Imperial Age
27:55 Scale Barding Armor
28:00 Forging
29:15 Chain Barding Armor
30:07 Iron Casting
29:45 Husbandry
29:55 Bloodlines
31:32 Stone Shaft Mining
30:27 Onager
30:38 Elite Steppe Lancer
33:03 Blast Furnace
32:24 Capped Ram
32:28 Heavy Scorpion
33:34 Fletching
34:14 Drill
34:54 Town Patrol
34:50 Capped Ram
35:53 Conscription
36:36 Banking
35:49 Siege Onager
36:59 Bodkin Arrow
37:11 Siege Engineers
37:26 Ballistics
37:38 Nomads
38:05 Fortified Wall
41:20 Chemistry
40:32 Bracer
40:32 Padded Archer Armor
46:55 Siege Ram
Lowawrd
11:25 Feudal Age
14:57 Castle Age
15:26 Double-Bit Axe
15:21 Horse Collar
15:35 Fishing Lines
16:21 Bow Saw
16:38 Gillnets
21:40 Wheelbarrow
22:21 Loom
23:59 Heavy Plow
24:40 Hand Cart
25:49 Gold Mining
25:49 Stone Mining
26:48 Caravan
27:46 Stone Shaft Mining
27:02 Town Watch
30:15 Imperial Age
27:46 Fletching
29:17 Ballistics
29:20 Bodkin Arrow
29:25 Padded Archer Armor
29:31 Scale Barding Armor
30:24 Padded Archer Armor
30:29 Scale Barding Armor
32:12 Chemistry
32:14 Two-Man Saw
31:36 Conscription
31:30 Bracer
31:45 Leather Archer Armor
31:51 Chain Barding Armor
31:03 Onager
31:04 Capped Ram
32:25 Thumb Ring
32:32 Forging
32:22 Scale Mail Armor
31:49 Light Cavalry
32:40 Bloodlines
32:32 Husbandry
33:02 Guilds
33:23 Coinage
32:30 Hussar
36:43 Plate Barding Armor
36:46 Iron Casting
36:34 Chain Mail Armor
37:00 Ring Archer Armor
36:05 Elite Cannon Galleon
36:44 Murder Holes
37:00 Fortified Wall
37:01 Masonry
37:39 Siege Ram
38:28 Inquisition
39:32 Pikeman
40:23 Squires
40:27 Halberdier
42:21 Banking
43:49 Plate Mail Armor
44:20 Blast Furnace
46:48 Town Patrol
48:17 Supremacy
48:33 Hoardings
47:28 Sappers
48:01 Heavy Cavalry Archer
48:01 Elite Skirmisher
ocek
3:41 Loom
12:24 Feudal Age
16:19 Castle Age
14:29 Horse Collar
15:38 Town Watch
15:41 Double-Bit Axe
16:16 Town Watch
17:32 Heavy Plow
20:44 Fervor
21:00 Bow Saw
24:07 Wheelbarrow
25:34 Hand Cart
31:26 Imperial Age
29:59 Scale Mail Armor
30:25 Forging
31:17 Chemistry
30:38 Ballistics
30:17 Pikeman
30:58 Squires
30:43 Arson
32:18 Chain Mail Armor
32:39 Iron Casting
32:35 Houfnice
33:51 Plate Mail Armor
32:52 Halberdier
36:19 Blast Furnace
35:20 Padded Archer Armor
36:22 Two-Man Saw
36:41 Siege Engineers
37:46 Elite Hussite Wagon
38:31 Wagenburg Tactics
38:47 Conscription
39:26 Illumination
39:17 Fortified Wall
39:23 Leather Archer Armor
39:40 Bombard Tower
39:58 Elite Skirmisher
41:10 Ring Archer Armor
42:38 Caravan
鯊魚森氣氣
0:57 Loom
13:19 Feudal Age
19:13 Castle Age
17:25 Double-Bit Axe
19:02 Horse Collar
20:14 Wheelbarrow
20:05 Bow Saw
20:21 Bow Saw
24:29 Heavy Plow
27:08 Hand Cart
28:38 Gold Mining
28:45 Town Watch
29:08 Stone Mining
29:49 Town Patrol
30:47 Stone Shaft Mining
33:24 Imperial Age
31:41 Scale Barding Armor
32:58 Gold Shaft Mining
33:08 Chain Barding Armor
32:59 Forging
33:30 Ballistics
33:29 Masonry
33:28 Husbandry
33:39 Bloodlines
33:46 Caravan
34:17 Coinage
34:31 Plate Barding Armor
34:46 Conscription
35:40 Two-Man Saw
35:51 Iron Casting
35:31 Citadels
35:52 Fletching
37:04 Chemistry
38:09 Hoardings
38:05 Architecture
38:49 Blast Furnace
38:19 Bodkin Arrow
38:06 Sappers
41:09 Elite War Elephant
46:28 Devotion
48:02 Faith
Connection lost

Rejoining the realm…

Still unreachable

The connection could not be restored.

Session expired

The server has moved on; the page needs a fresh start.